Map: Ascension to Aiur LE

Players

Neeb

  • Race: Protoss Protoss
  • Spawn Location: 11:00

Semper - Winner!

  • Race: Terran Terran
  • Spawn Location: 5:00

Event: WCS Montreal 2017

VOD

Have the link to the VOD?

Description

Time

  • Played on: Sept. 8, 2017, 6:06 p.m.
  • Length: 5:32

All games in this series

Show
View Real Time Build Order
Export as new Build Order

Neeb Protoss 

Build Orders: 1 Gate Expand, Oracle Opening 

Get SALT Encoding   

  12  0:00  Probe (Chrono Boost)  
  13  0:11  Probe (Chrono Boost)  
  14  0:18  Pylon  
  14  0:21  Probe (Chrono Boost)  
  15  0:34  Assimilator  
  15  0:36  Probe (Chrono Boost)  
  15  0:41  Gateway  
  16  0:47  Probe (Chrono Boost)  
  17  0:57  Probe (Chrono Boost)  
  18  1:08  Probe (Chrono Boost)  
  19  1:18  Probe (Chrono Boost)  
  19  1:24  Nexus  
  20  1:32  Cybernetics Core  
  20  1:34  Probe (Chrono Boost)  
  21  1:40  Assimilator  
  21  1:45  Probe (Chrono Boost)  
  22  1:49  Pylon  
  22  1:55  Probe (Chrono Boost)  
  23  2:02  Warp Gate (Chrono Boost)  
  23  2:07  Probe (Chrono Boost)  
  24  2:09  Adept (Chrono Boost)  
  26  2:19  Probe  
  27  2:23  Stargate  
  27  2:31  Probe  
  27  2:33  Adept (Chrono Boost)  
  27  2:35  Probe  
  31  2:43  Probe  
  32  2:45  Probe  
  33  2:55  Probe  
  33  2:56  Probe  
  35  3:03  Gateway  
  35  3:05  Gateway  
  35  3:08  Probe, Oracle (Chrono Boost)  
  35  3:12  Probe  
  40  3:15  Adept  
  40  3:20  Probe  
  40  3:25  Probe, Pylon  
  42  3:32  Probe  
  43  3:37  Pylon  
  43  3:38  Oracle (Chrono Boost)  
  46  3:43  Probe  
  46  3:47  Probe (Chrono Boost), Pylon  
  48  3:55  Probe (Chrono Boost)  
  49  4:00  Probe (Chrono Boost)  
  50  4:02  Adept  
  50  4:03  Adept x2  
  50  4:06  Probe (Chrono Boost)  
  57  4:12  Probe (Chrono Boost)  
  57  4:17  Probe (Chrono Boost)  
  60  4:25  Probe (Chrono Boost)  
  60  4:27  Probe (Chrono Boost)  
  61  4:32  Stalker x3  
  61  4:36  Nexus  
  61  4:37  Probe (Chrono Boost)  
  62  4:38  Oracle  
  62  4:40  Probe (Chrono Boost)  
  64  4:51  Probe (Chrono Boost)  
  56  5:00  Assimilator x2, Mothership Core (Chrono Boost)  
  56  5:01  Pylon  
  53  5:10  Probe (Chrono Boost)  
  52  5:20  Probe (Chrono Boost)  
  50  5:21  Probe (Chrono Boost)  
  50  5:22  Pylon  
Show
View Real Time Build Order
Export as new Build Order

Semper Terran - Winner!

Build Orders: Banshee Rush 

Get SALT Encoding   

  12  0:00  SCV  
  13  0:12  SCV  
  14  0:17  Supply Depot  
  14  0:25  SCV  
  15  0:38  SCV  
  15  0:40  Barracks  
  16  0:45  Refinery  
  16  0:50  SCV  
  17  1:03  SCV  
  18  1:15  SCV  
  19  1:27  Orbital Command, Marine  
  20  1:40  Command Center  
  20  1:51  Factory  
  20  1:54  SCV  
  21  2:06  SCV  
  21  2:07  Supply Depot  
  22  2:08  Barracks Reactor  
  22  2:19  SCV  
  22  2:22  Refinery  
  23  2:31  SCV  
  23  2:35  Widow Mine  
  26  2:43  SCV  
  27  2:45  Marine x2  
  29  2:51  Orbital Command  
  29  2:52  Starport  
  29  2:55  SCV  
  30  3:03  Marine x2, Widow Mine  
  34  3:08  SCV  
  35  3:17  Supply Depot  
  35  3:18  SCV  
  36  3:21  Marine x2  
  38  3:30  Starport Tech Lab  
  38  3:31  SCV  
  38  3:32  Widow Mine  
  41  3:39  Supply Depot  
  41  3:40  Barracks  
  41  3:41  SCV  
  42  3:49  Cloaking Field  
  42  3:50  Banshee  
  42  3:52  SCV  
  42  3:53  SCV  
  47  3:56  Marine  
  47  3:57  Marine  
  49  4:03  Bunker  
  49  4:05  Supply Depot  
  49  4:12  SCV  
  49  4:15  Factory Tech Lab  
  49  4:20  Supply Depot  
  49  4:21  Marine x2  
  49  4:24  SCV  
  52  4:30  Engineering Bay  
  48  4:33  Banshee  
  48  4:37  SCV  
  48  4:38  Marine  
  53  4:39  Marine, SCV  
  55  4:46  Marine  
  52  5:01  Marine  
  52  5:03  Barracks Tech Lab  
  53  5:10  SCV  
  53  5:12  Starport  
  54  5:18  Barracks  
  54  5:19  Barracks  
Tags
 
Add a new tag
Caveats
  • Supply blocks, unpowered buildings, or Contaminate may cause inaccurate times.
  • Supply counts are checked every 10 seconds.